cohdb
Replays
Latest Replays
All Replays
Popular Replays
Top Player Replays
Match Explorer
How It Works
Community
CoH3 Stats
Reddit
Sign in to upload your games and track your stats! →
Sign in with Steam
Match 45795032
Unlisted
Match 45795032
Overview
Messages
Build Orders
End
250 Light Carrier
Selects Panzerjäger Kommand Battlegroup
Selects Mine Fields
Panzergrenadier Squad
Panzerpioneer Squad
Construct Light Support Kompanie
MG34 Team
Selects GrB 39 Grenade Launcher Requisition
2.5-tonne Medical Truck
Combat Half-tracks
Construct Mechanized Kompanie
Panzerjäger Mechanized Group
Support Armor Elements
Veteran Squad Leaders
StuG III D Assault Gun
Selects Defensive Positions
Assault Mechanized Group
Selects Butterfly Bomb Drop
Construct Panzerarmee Kommand
Vehicle Survival Package
Butterfly Bomb Drop
2.5-tonne Medical Truck
Selects Crew Shock Tactics
Tungsten Core Ammunition
Panzer III L Medium Tank
Panzerjäger Mechanized Group
Panzer III L Medium Tank
Selects Anti-tank Overwatch
Panzer III L Medium Tank
Armored Reserves
Emergency Repair Kits
Butterfly Bomb Drop
Butterfly Bomb Drop
Tiger Heavy Tank
Advanced Optics
Rapid Advance
Hudson
quka
Knight_05
A_Smoove
The_Honey_Bear
Wraith
0
0
Comments
sign in to comment!
No comments posted yet!